 Dungeon Crawl Stone Soup version 0.31-a0-231-g51bb95cda3 (webtiles) character file.

Game seed: 9963006440758960511

278 qw the Shooter (level 6, 0/52 HPs)
             Began as a Minotaur Hexslinger on July 6, 2023.
             Slain by a scorpion (1 damage)
             ... on level 4 of the Dungeon.
             The game lasted 00:01:03 (1909 turns).

qw the Shooter (Minotaur Hexslinger)                Turns: 1909, Time: 00:01:03

Health: 0/52       AC:  5    Str: 13    XL:     6   Next: 5%
Magic:  6/6        EV: 11    Int: 10    God:
Gold:   171        SH:  0    Dex: 14    Spells: 6/7 levels left

rFire   . . .        Y - +1 longbow
rCold   + . .        (shield currently unavailable)
rNeg    . . .        h - +0 ring mail
rPois   .            (helmet restricted)
rElec   .            (no cloak)
rCorr   .            (no gloves)
SInv    .            (no boots)
Will    .....        i - amulet of regeneration
Stlth   +            a - ring of protection from cold
HPRegen 1.08/turn    (no ring)
MPRegen 0.10/turn

%: no passive effects
@: lethally poisoned (0 -> -1), about to teleport
A: horns 2, retaliatory headbutt
a: no special abilities


You were on level 4 of the Dungeon.
You visited 1 branch of the dungeon, and saw 4 of its levels.

You collected 171 gold pieces.


Innate Abilities, Weirdness & Mutations

You have a pair of horns on your head.
You reflexively headbutt those who attack you in melee.


   Skills:
 + Level 3.8 Fighting
 - Level 6.0 Ranged Weapons
 - Level 1.0 Armour
 - Level 2.1 Dodging
 - Level 1.0 Spellcasting
 - Level 2.0 Hexes


You had 6 spell levels left.
You knew the following spells:

 Your Spells              Type           Power      Damage    Failure   Level
a - Slow                  Hex            16%        N/A       32%         1

Your spell library contained the following spells:

 Spells                   Type           Power      Damage    Failure   Level
 Inner Flame              Hex/Fire       2%         N/A       82%         3
 Portal Projectile        Hex/Tloc       4%         N/A       82%         3
 Cause Fear               Hex            2%         N/A       97%         4

Inventory:

Hand Weapons
 Y - a +1 longbow (weapon)
Armour
 h - a +0 ring mail (worn)
Jewellery
 a - a ring of protection from cold (left hand)
 e - a ring of fire
 i - an amulet of regeneration (around neck)
Scrolls
 l - a scroll of identify
Potions
 b - a potion of curing
 c - a potion of brilliance {unknown}
 f - a potion of resistance {unknown}
 g - a potion of heal wounds {unknown}
 j - a potion of berserk rage {unknown}
 k - a potion of lignification {unknown}

Dungeon Overview and Level Annotations

Branches:
Dungeon (4/15)
 Temple: D:4-7

Altars:
Elyvilon


Message History

Enter note: You shoot an arrow.
The arrow barely misses the black bear.
A scorpion comes into view.
You shoot an arrow. The arrow hits the black bear.
The black bear is lightly wounded.
A scorpion comes into view.
You shoot an arrow. The arrow barely misses the black bear.
The arrow closely misses the scorpion.
You shoot an arrow. The arrow hits the black bear!
The black bear is moderately wounded.
You shoot an arrow. The arrow barely misses the black bear.
The arrow hits the scorpion.
The scorpion is moderately wounded.
The black bear bites you. The black bear closely misses you. x2
A sleepcap comes into view.
The scorpion barely misses you.
You shoot an arrow. The arrow hits the black bear!
The black bear is almost dead.
The jelly hits you but does no damage.
The black bear goes berserk!
The scorpion stings you.
You are poisoned.
The scorpion poisons you! The scorpion barely misses you.
You furiously retaliate!
You headbutt the scorpion. The black bear bites you! The black bear misses you.
The black bear claws you. The jelly hits you but does no damage.
You shoot an arrow. The arrow barely misses the black bear.
You feel very sick.
The black bear bites you but does no damage.
The black bear claws you but does no damage. x2
The scorpion stings you.
The scorpion stings you but does no damage.
The jelly hits you but does no damage. The black bear bites you.
The black bear misses you. The black bear claws you.
The scorpion stings you. x2
1909 ||| READING scroll of teleportation.
As you read the scroll of teleportation, it crumbles to dust.
You feel strangely unstable.
You feel sick. The black bear bites you. The black bear claws you.
The black bear completely misses you. The jelly misses you.
The scorpion stings you.
You die...

......#....#..###..# .....
..............##...# ...#
......####.>..##...##.....
..............#..%.....>..
..........##.........#..
........#####........#
........## #....##......
.........##..........###
#........@s.........##
#.......Jhs..........
...............#......
..#......f####.###.#.
###>....... # #........#
#......... ..........


You could see a black bear (berserk), a sleepcap, 2 scorpions and a jelly.

Vanquished Creatures
  2 orc priests (D:3)
  Terence (D:2)
  3 gnolls (D:2)
  8 adders
  An ufetubus (D:4)
  2 worms
  3 dart slugs
  2 orcs (D:3)
  5 bats
  5 endoplasms
  6 giant cockroaches
  7 goblins
  6 hobgoblins
  4 jackals (D:1)
  6 kobolds
  A quokka (D:2)
  4 ball pythons
  5 frilled lizards
  5 rats
76 creatures vanquished.

Notes
Turn   | Place    | Note
-------+----------+-------------------------------------------
     0 | D:1      | qw the Minotaur Hexslinger began the quest for the Orb.
     0 | D:1      | Reached XP level 1. HP: 16/16 MP: 1/1
     0 | D:1      | 0 ||| qw: Version: 0.3-a-46-gb1f654a
     0 | D:1      | 0 ||| qw: Game counter: 1843
     0 | D:1      | 0 ||| qw: Melee chars always use a shield: true
     0 | D:1      | 0 ||| qw: God list: Okawaru
     0 | D:1      | 0 ||| qw: Allow faded altars: false
     0 | D:1      | 0 ||| qw: Do Orc after clearing Dungeon:15 true
     0 | D:1      | 0 ||| qw: Do second Lair branch before Depths: true
     0 | D:1      | 0 ||| qw: Lair rune preference: random
     0 | D:1      | 0 ||| qw: Goals: Normal
     0 | D:1      | 0 ||| PLANNING D:1-11
   105 | D:1      | Reached skill level 3 in Ranged Weapons
   105 | D:1      | Reached XP level 2. HP: 23/23 MP: 2/2
   132 | D:1      | 132 ||| SWAPPING to +0 longbow.
   150 | D:1      | 150 ||| DROPPING +1 sling.
   409 | D:1      | 409 ||| UPGRADING to +0 ring mail.
   419 | D:1      | 419 ||| DROPPING +0 robe.
   420 | D:1      | 420 ||| UPGRADING to amulet of regeneration.
   425 | D:1      | 425 ||| READING scroll labelled FUIKUZ QOVOMU.
   426 | D:1      | 426 ||| READING scroll labelled IMAJ IGU VITOT.
   427 | D:1      | 427 ||| READING scroll labelled FAPUDD DEPOMPEL.
   428 | D:1      | 428 ||| DROPPING scroll of poison.
   455 | D:2      | Reached XP level 3. HP: 29/29 MP: 3/3
   549 | D:2      | Noticed Terence
   560 | D:2      | Killed Terence
   561 | D:2      | Reached skill level 4 in Ranged Weapons
   640 | D:2      | Found a white marble altar of Elyvilon.
   686 | D:2      | Reached skill level 1 in Armour
   721 | D:2      | Found a faded altar of an unknown god.
   781 | D:2      | Reached XP level 4. HP: 36/36 MP: 4/4
   855 | D:2      | Reached skill level 5 in Ranged Weapons
  1044 | D:2      | 1044 ||| UPGRADING to ring of protection from cold.
  1045 | D:2      | 1045 ||| READING scroll labelled LAVEPL VUECW.
  1046 | D:2      | 1046 ||| READING scroll labelled LIYWUETIPT.
  1062 | D:2      | 1062 ||| READING scroll labelled XYSHRI GOAMP.
  1095 | D:3      | Reached XP level 5. HP: 44/44 MP: 5/5
  1119 | D:3      | Reached skill level 3 in Fighting
  1236 | D:3      | 1236 ||| FLEEEEING.
  1242 | D:3      | 1242 ||| FLEEEEING.
  1243 | D:3      | 1243 ||| FLEEEEING.
  1244 | D:3      | 1244 ||| FLEEEEING.
  1245 | D:3      | 1245 ||| FLEEEEING.
  1246 | D:3      | 1246 ||| FLEEEEING.
  1247 | D:3      | 1247 ||| FLEEEEING.
  1248 | D:3      | 1248 ||| FLEEEEING.
  1250 | D:3      | 1250 ||| FLEEEEING.
  1251 | D:3      | 1251 ||| FLEEEEING.
  1261 | D:3      | 1261 ||| FLEEEEING.
  1262 | D:3      | 1262 ||| FLEEEEING.
  1263 | D:3      | 1263 ||| FLEEEEING.
  1308 | D:3      | Reached skill level 6 in Ranged Weapons
  1808 | D:3      | 1808 ||| READING 2 scrolls labelled JYCSOS XOIZEO.
  1813 | D:3      | 1813 ||| READING scroll labelled VIUMUZ BOAN.
  1814 | D:3      | 1814 ||| READING 2 scrolls of identify.
  1814 | D:3      | 1814 ||| IDENTIFYING fizzy black potion
  1852 | D:4      | Reached XP level 6. HP: 49/52 MP: 6/6
  1908 | D:4      | HP: 11/52 [scorpion (6)]
  1909 | D:4      | 1909 ||| READING scroll of teleportation.
  1909 | D:4      | HP: 4/52 [black bear (6)]
  1909 | D:4      | HP: 1/52 [black bear (3)]
  1909 | D:4      | Slain by a scorpion

Levels and vault maps discovered:
D:1:      sevenhm_arrival_forest_fort_small_4, layout_basic,
          minmay_misc_feat_plants
D:2:      layout_basic, basic_altar, chequers_ecumenical_altar_simple,
          chequers_serial_rivers_micro_e, hangedman_abyss_or_decor_lesser_grid,
          minmay_pentomino_t4, uniq_terence
D:3:      layout_loops_ring
D:4:      layout_cave_pools, mainiacjoe_overflow_alcove_4, uniq_eustachio

Skill      XL: |  1  2  3  4  5 |
---------------+----------------+-----
Ranged Weapons | 3 4 5 6 |  6.0
Fighting       | 2 3 |  3.8
Armour         | 1 |  1.0
Dodging        | |  2.1
Spellcasting   | |  1.0
Hexes          | |  2.0

Action                     |  1- 3 |  4- 6 || total
---------------------------+-------+-------++-------
   Fire: Sling             |    32 |       ||    32
         Longbow           |    68 |   134 ||   202
    Use: Scroll            |     3 |     7 ||    10
 Armour: Robe              |     7 |       ||     7
         Ring mail         |     2 |    34 ||    36
  Dodge: Dodged            |    31 |    62 ||    93

Table legend:
 A = Non-vault XP
 B = Vault XP
 C = Vault XP percentage of total XP
 D = Non-vault monster count
 E = Vault monster count
 F = Vault count percentage of total count
                 A         B        C        D         E       F
            +---------+---------+-------+---------+---------+-------
      Total |     360 |      38 |   9.5 |      73 |       3 |   3.9
            +---------+---------+-------+---------+---------+-------
        D:1 |      38 |       0 |   0.0 |      21 |       0 |   0.0
        D:2 |     105 |      38 |  26.6 |      23 |       3 |  11.5
        D:3 |     191 |       0 |   0.0 |      24 |       0 |   0.0
        D:4 |      26 |       0 |   0.0 |       5 |       0 |   0.0
            +---------+---------+-------+---------+---------+-------
